 Dungeon Crawl Stone Soup version 0.24.0-125-gc4c63601f3 (webtiles) character file.

Game seed: 15917375302179245953, levelgen mode: deterministic

1386 Curus the Grappler (level 8, -1/75 HPs)
             Began as a Troll Monk on Mar 3, 2020.
             Slain by a killer bee (7 damage)
             ... on level 7 of the Dungeon.
             The game lasted 00:11:30 (2330 turns).

Curus the Grappler (Troll Monk)                     Turns: 2330, Time: 00:11:32

Health: -1/75      AC:  6    Str: 20    XL:     8   Next: 40%
Magic:  7/7        EV: 11    Int:  7    God:
Gold:   207        SH:  0    Dex: 13    Spells: 7/7 levels left

rFire    . . .     SeeInvis .     - Unarmed
rCold    . . .     Gourm    +   (no shield)
rNeg     + . .     Faith    .   o - +0 robe (curse)
rPois    .         Spirit   .   (helmet restricted)
rElec    .         Reflect  .   (no cloak)
rCorr    .         Harm     .   (gloves unavailable)
MR       .....                  (boots unavailable)
Stlth    ++........             (no amulet)
HPRegen  0.62/turn              g - ring of positive energy
MPRegen  0.10/turn              c - ring of wizardry

@: lethally poisoned (-1 -> -15), about to teleport
A: large, unfitting armour, claws 3, fast metabolism 3, gourmand, regeneration
1, shaggy fur 1, tough skin 3
a: no special abilities


You were on level 7 of the Dungeon.
You were completely stuffed.

You visited 1 branch of the dungeon, and saw 7 of its levels.

You collected 207 gold pieces.

Inventory:

Armour
 a - a +0 robe
 o - a cursed +0 robe (worn)
Jewellery
 c - a ring of wizardry (right claw)
 g - a ring of positive energy (left claw)
 l - a -2 ring of slaying
Scrolls
 e - a scroll of fog
 i - 4 scrolls of identify
 n - a scroll of blinking
Potions
 f - 2 potions of curing
 h - a potion of invisibility
 j - a potion of haste
Comestibles
 b - 9 rations
 m - 17 chunks of flesh


   Skills:
 + Level 3.3 Fighting
 + Level 3.3 Dodging
 - Level 1.0 Stealth
 - Level 10.0 Unarmed Combat


You had 7 spell levels left.
You didn't know any spells.
Your spell library was empty.

Dungeon Overview and Level Annotations

Branches:
Dungeon (7/15)             Temple (0/1) D:4

Altars:
Qazlal
Trog
Vehumet


Innate Abilities, Weirdness & Mutations

You are too large for most types of armour.
You have claws for hands.
Your metabolism is lightning-fast.
You like to eat raw meat.
Your natural rate of healing is unusually fast.
You are covered in fur. (AC +1)
You have extremely tough skin. (AC +3)


Message History

The killer bee stings you.
You miss the killer bee.
You feel sick. The killer bee barely misses you.
The killer bee stings you but does no damage. x2
The killer bee stings you.
* * * LOW HITPOINT WARNING * * *
You miss the killer bee.
You feel sick.
The killer bee stings you but does no damage.
The killer bee stings you.
* * * LOW HITPOINT WARNING * * *
The killer bee stings you.
* * * LOW HITPOINT WARNING * * *
Unknown command.
As you read the scroll of teleportation, it crumbles to dust.
You feel strangely unstable.
You feel sick. The killer bee stings you.
* * * LOW HITPOINT WARNING * * *
You are more poisoned.
The killer bee poisons you!
The killer bee stings you but does no damage.
The killer bee closely misses you. The killer bee stings you!
You die...

.#...... ...###
.......... #....#
.###..#..#.#. +.........
..........
###....#...###.........
..$...#...#.........#. #
..yy#...#.#.#.#.###.
#.##y##...#.#.#.#.##..
##...y@..>.#.....#.###.
#......................
#................#.....
#............#.#####...
#..##.##.รท...#.#####.##
#.. #..................
..............#...###.##
........................
.....#..#.##.........


You could see 3 killer bees.

Vanquished Creatures
  Menkaure (D:4)
  2 orc warriors (D:6)
  A phantom (D:3)
  An ice beast (D:6)
  An ogre (D:7)
  3 bullfrogs
  A killer bee (D:7)
  2 crimson imps
  A hound (D:4)
  2 iguanas
  6 orc wizards
  2 worker ants
  A hound skeleton (D:6)
  3 gnolls (D:4)
  4 adders
  A shadow imp (D:6)
  An ooze (D:3)
  A worm (D:2)
  9 leopard geckos
  24 orcs
  2 giant cockroaches (D:2)
  14 goblins
  5 hobgoblins
  10 jackals
  7 bats (D:1)
  5 frilled lizards
  11 kobolds
  5 rats
126 creatures vanquished.

Notes
Turn   | Place    | Note
-------+----------+-------------------------------------------
     0 | D:1      | Curus the Troll Monk began the quest for the Orb.
     0 | D:1      | Reached XP level 1. HP: 22/22 MP: 0/0
   197 | D:1      | Reached XP level 2. HP: 29/29 MP: 1/1
   324 | D:1      | Reached skill level 4 in Unarmed Combat
   349 | D:1      | Reached XP level 3. HP: 13/36 MP: 2/2
   468 | D:1      | You fall into a shaft and drop 1 floor!
   485 | D:2      | Noticed an air elemental
   486 | D:2      | Found a stormy altar of Qazlal.
   496 | D:2      | Noticed an earth elemental
   497 | D:2      | Noticed a fire elemental
   497 | D:2      | Noticed a water elemental
   830 | D:2      | Reached skill level 5 in Unarmed Combat
   830 | D:2      | Reached XP level 4. HP: 33/44 MP: 3/3
  1053 | D:2      | Found a bloodstained altar of Trog.
  1135 | D:3      | Reached XP level 5. HP: 50/50 MP: 4/4
  1160 | D:3      | Reached skill level 6 in Unarmed Combat
  1539 | D:3      | Noticed a phantom
  1561 | D:3      | Killed a phantom
  1561 | D:3      | Reached XP level 6. HP: 50/59 MP: 5/5
  1736 | D:4      | Found a staircase to the Ecumenical Temple.
  1736 | D:4      | Noticed Menkaure
  1740 | D:4      | Killed Menkaure
  1740 | D:4      | Reached skill level 7 in Unarmed Combat
  1759 | D:4      | Reached skill level 8 in Unarmed Combat
  1759 | D:4      | Reached XP level 7. HP: 17/66 MP: 6/6
  1880 | D:4      | You fall into a shaft and drop 3 floors!
  2016 | D:6      | Found a radiant altar of Vehumet.
  2102 | D:6      | Reached skill level 9 in Unarmed Combat
  2130 | D:6      | Reached XP level 8. HP: 42/74 MP: 7/7
  2145 | D:6      | Reached skill level 10 in Unarmed Combat
  2212 | D:5      | Entered Level 5 of the Dungeon
  2256 | D:4      | You fall into a shaft and drop 3 floors!
  2330 | D:7      | Slain by a killer bee

Levels and vault maps discovered:
D:1:      ebering_hopf_link, layout_basic, minmay_close_crescents
D:2:      layout_rooms, lemuel_doored_altar, nicolae_qazlal_style_of_elements
D:3:      layout_basic
D:4:      layout_basic, kennysheep_mini_moat, minmay_temple_entry_tees,
          serial_shops, shop, nicolae_shop_statue_plus, shop,
          nicolae_shop_trees, shop, first_ration, uniq_menkaure
D:5:      layout_loops_cross, elyvilon_altar_4, minmay_shop_enchanted_jewellery
D:6:      layout_rooms, vehumet_crystals, st_stairs_6, minmay_lizard_king
D:7:      layout_basic, kennysheep_mini, led_sif_book, kennysheep_small_square

Skill      XL: |  1  2  3  4  5  6  7  8 |
---------------+-------------------------+-----
Unarmed Combat | 4 5 6 8 9 10 | 10.0
Fighting       | 3 |  3.3
Dodging        | 3 |  3.3
Stealth        | |  1.0

Action                   |  1- 3 |  4- 6 |  7- 9 || total
-------------------------+-------+-------+-------++-------
Melee: Unarmed           |    94 |   110 |   140 ||   344
       Punch             |       |     6 |     5 ||    11
  Use: Potion            |     5 |     3 |     1 ||     9
       Scroll            |     3 |     3 |     4 ||    10
 Stab: Sleeping          |     3 |       |       ||     3
  Eat: Chunk             |    13 |     7 |     7 ||    27
Armor: Robe              |    42 |    28 |    61 ||   131
Dodge: Dodged            |    61 |    47 |    87 ||   195
